 Dungeon Crawl Stone Soup version 0.19.0-22-gd96e5fe (webtiles) character file.

30 Monsterracer the Firebug (level 3, 0/19 HPs)
             Began as a Deep Elf Fire Elementalist on Nov 19, 2016.
             Succumbed to an adder's poison
             ... on level 1 of the Dungeon.
             The game lasted 00:02:51 (1074 turns).

Monsterracer the Firebug (DEFE)                     Turns: 1074, Time: 00:02:52

Health: 0/19       AC:  2    Str:  5    XL:     3   Next: 5%
Magic:  6/10       EV: 13    Int: 20    God:
Gold:   67         SH:  0    Dex: 15    Spells: 2 memorised, 4 levels left

rFire  . . .     SeeInvis .     e - +0 dagger
rCold  . . .     Gourm    .     a - +0 robe
rNeg   + . .     Faith    .     (no shield)
rPois  .         Spirit   .     (no helmet)
rElec  .         Reflect  .     (no cloak)
rCorr  .         Harm     .     (no gloves)
MR     .....                    (no boots)
Stlth  ++........               (no amulet)
                                (no ring)
                                i - ring of positive energy

@: lethally poisoned (0 -> -8), very slightly contaminated
A: high mp 1
a: no special abilities


You were on level 1 of the Dungeon.
You were not hungry.

You visited 1 branch of the dungeon, and saw 2 of its levels.

You collected 67 gold pieces.

Inventory:

Hand Weapons
 e - a +0 dagger (weapon)
Armour
 a - a +0 robe (worn)
Jewellery
 i - a ring of positive energy (left hand)
Scrolls
 d - a scroll of amnesia {unknown}
 g - a scroll of teleportation {unknown}
 h - a scroll of remove curse {unknown}
Potions
 j - a potion of beneficial mutation
Books
 b - a book of Flames

   Spells                             Type                      Level
   a - Flame Tongue                   Conjuration/Fire             1
   b - Throw Flame                    Conjuration/Fire             2
   c - Conjure Flame                  Conjuration/Fire             3
   d - Inner Flame                    Hexes/Fire                   3
   e - Sticky Flame                   Conjuration/Fire             4
   f - Fireball                       Conjuration/Fire             5
Comestibles
 c - a bread ration
 f - a fruit
 k - a meat ration
 m - a beef jerky


   Skills:
 - Level 2.4 Dodging
 - Level 2.4 Stealth
 - Level 3.0 Spellcasting
 + Level 2.1 Conjurations
 + Level 4.1 Fire Magic


You had 4 spell levels left.
You knew the following spells:

 Your Spells              Type           Power        Failure   Level  Hunger
a - Flame Tongue          Conj/Fire      ###..        4%          1    None
b - Conjure Flame         Conj/Fire      ###.....     14%         3    ###....


Dungeon Overview and Level Annotations

Branches:
Dungeon (2/15)

Altars:


Innate Abilities, Weirdness & Mutations

You have an increased reservoir of magic. (+10% MP)


Message History

Aim: an adder (moderately wounded)
The flame tongue misses the adder.
The adder bites you.
You are poisoned.
The adder poisons you! The rat bites you.
Casting: Flame Tongue
Confirm with . or Enter, or press ? or * to list all spells.
Aiming: Flame Tongue
Press: ? - help, Shift-Dir - straight line, f/p - adder
Aim: an adder (moderately wounded)
The flame tongue misses the adder.
You feel sick. The adder completely misses you. The adder bites you.
* * * LOW HITPOINT WARNING * * *
You are lethally poisoned!
The adder poisons you! The rat bites you.
* * * LOW HITPOINT WARNING * * *
* * * LOW HITPOINT WARNING * * *
You feel sick. The adder bites you but does no damage. The rat bites you.
* * * LOW HITPOINT WARNING * * *
You climb upwards.
You die...

........#.###.....# #.#
....###.#.###.#.### ##.# .####
#.#.......# #..# .# #.#####'###
#.## .######.# ##...## #.#
)†......###.....## ###.#
.##.######.......## ##.#.#
.#...####.........####....#######
.).[....'[.....r@.'..†...........
.#...####.......S.####........###
.##.### ##.....>.## ##.#.###.#
...÷..# ##.....## #.#.###.#
#####.# ##...## #.#..##.# #.#
##'## #.##.##.# # #.#######.#
#.##.##.# # #.......#.# #.##.##.#
# #..####.#.## #.......# #


You could see an adder and a rat.

Vanquished Creatures
  A dart slug (D:1)
  2 leopard geckos (D:1)
  4 bats (D:1)
  2 giant cockroaches (D:1)
  A goblin (D:1)
  7 hobgoblins (D:1)
  3 frilled lizards (D:1)
  2 kobolds (D:1)
  3 rats (D:1)
25 creatures vanquished.

Notes
Turn   | Place    | Note
-------+----------+-------------------------------------------
     0 | D:1      | Monsterracer the Deep Elf Fire Elementalist began the quest for the Orb.
     0 | D:1      | Reached XP level 1. HP: 10/10 MP: 6/6
   115 | D:1      | Gained mutation: You have an increased reservoir of magic. (+10% MP) [potion of beneficial mutation]
   278 | D:1      | Reached XP level 2. HP: 15/15 MP: 4/8
   752 | D:1      | Reached skill level 4 in Fire Magic
   951 | D:1      | Reached XP level 3. HP: 19/19 MP: 7/10
  1044 | D:1      | Learned a level 3 spell: Conjure Flame
  1074 | D:1      | Succumbed to an adder's poison

Skill      XL: |  1  2 |
---------------+-------+-----
Conjurations   | 2 |  2.1
Fire Magic     | 4 |  4.1
Dodging        | |  2.4
Stealth        | |  2.4
Spellcasting   | |  3.0

Action                   || total
-------------------------++-------
 Cast: Flame Tongue      ||    39
  Use: Potion            ||     3
Armor: Robe              ||     3
Dodge: Dodged            ||    15
